Map: Whispers of Gold

Players

Serral

  • Race: Zerg Zerg
  • League: Grandmaster
  • Spawn Location: 9:00

LiquidClem (Clem) - Winner!

  • Race: Terran Terran
  • League: Grandmaster
  • Spawn Location: 5:00

VOD

Have the link to the VOD?

Description

Time

  • Played on: May 19, 2025, 9:37 a.m.
  • Length: 14:32
Show
View Real Time Build Order
Export as new Build Order

Serral Zerg 

Build Orders: Hatch First 

Get SALT Encoding   

  12  0:00  Drone  
  13  0:07  Drone  
  13  0:13  Extractor  
  13  0:14  Drone  
  15  0:22  Overlord  
  15  0:40  Drone  
  16  0:46  Hatchery  
  15  0:50  Drone  
  15  0:53  Drone  
  17  0:57  Drone  
  18  1:07  Extractor  
  17  1:13  Spawning Pool  
  17  1:16  Drone  
  17  1:19  Drone  
  18  1:26  Drone  
  19  1:38  Drone  
  20  1:50  Overlord  
  20  1:59  Queen x2  
  20  2:00  Zergling x2  
  25  2:03  Zergling x2  
  26  2:09  Drone  
  26  2:11  Metabolic Boost  
  26  2:15  Drone  
  28  2:19  Drone  
  28  2:21  Drone  
  29  2:30  Drone  
  29  2:31  Drone  
  29  2:35  Queen  
  33  2:41  Drone  
  33  2:43  Overlord  
  34  2:56  Hatchery  
  34  2:57  Drone  
  34  3:00  Drone  
  34  3:04  Drone x2  
  37  3:11  Drone  
  37  3:12  Drone x2  
  39  3:14  Overlord  
  39  3:19  Drone  
  41  3:20  Drone  
  41  3:22  Drone  
  42  3:27  Queen  
  42  3:33  Overlord  
  44  3:35  Zergling x4  
  44  3:40  Drone x3  
  49  3:45  Overlord  
  49  3:46  Drone x2  
  51  3:51  Queen  
  51  3:54  Drone  
  54  3:57  Zergling x4  
  54  4:01  Drone  
  57  4:04  Drone  
  57  4:09  Drone x2  
  60  4:11  Lair  
  60  4:14  Drone x3  
  63  4:20  Overlord  
  63  4:21  Zergling x2  
  63  4:22  Zergling x2  
  65  4:27  Roach Warren  
  66  4:31  Drone x3  
  66  4:38  Extractor x2  
  67  4:41  Drone x5  
  67  4:43  Drone x3  
  74  4:49  Extractor  
  74  4:50  Drone  
  74  4:51  Extractor, Drone  
  72  4:53  Overlord  
  72  5:05  Hatchery  
  72  5:06  Overlord  
  77  5:07  Roach x5  
  77  5:12  Glial Reconstitution  
  77  5:13  Overlord  
  81  5:17  Zergling x2  
  81  5:18  Zergling x2  
  81  5:19  Roach  
  81  5:20  Roach x2  
  81  5:21  Overlord  
  89  5:25  Overlord  
  89  5:27  Overlord  
  87  5:38  Roach x3  
  87  5:40  Roach  
  94  5:46  Roach x2  
  98  5:51  Roach x2  
  98  5:52  Overseer  
  102  5:58  Overlord  
  102  6:00  Roach x3  
  102  6:04  Overlord  
  108  6:07  Roach x2  
  112  6:12  Overlord x2  
  120  6:26  Roach x4  
Show
View Real Time Build Order
Export as new Build Order

LiquidClem Terran - Winner!

Build Orders: Reaper Expand 

Get SALT Encoding   

  12  0:00  SCV  
  13  0:12  SCV  
  14  0:17  Supply Depot  
  14  0:25  SCV  
  15  0:39  SCV  
  15  0:40  Barracks  
  16  0:45  Refinery  
  16  0:51  SCV  
  17  1:03  SCV  
  18  1:15  SCV  
  19  1:27  Reaper, Orbital Command  
  20  1:42  Command Center  
  20  1:50  Supply Depot  
  20  1:54  SCV  
  21  1:59  Marine  
  22  2:06  SCV  
  23  2:14  Factory  
  23  2:18  SCV  
  23  2:21  Barracks Reactor  
  24  2:30  SCV  
  25  2:43  Command Center  
  26  2:44  SCV  
  26  2:54  Orbital Command  
  26  2:56  SCV  
  27  3:05  Barracks  
  27  3:07  Barracks Tech Lab  
  27  3:10  SCV  
  28  3:14  Hellion  
  28  3:18  Hellion  
  32  3:21  SCV  
  32  3:24  SCV  
  32  3:26  Refinery  
  34  3:28  Marine  
  34  3:31  Stimpack  
  34  3:34  SCV  
  36  3:36  SCV  
  37  3:45  Marine  
  37  3:46  SCV  
  39  3:48  SCV  
  39  3:53  Starport  
  39  3:55  Orbital Command  
  40  3:57  Factory Reactor  
  40  3:59  SCV, Marine x2  
  43  4:03  SCV, Marine  
  45  4:11  SCV  
  45  4:15  SCV, Supply Depot  
  47  4:17  Marine x2  
  47  4:20  SCV  
  47  4:21  Marine  
  47  4:23  SCV  
  52  4:27  SCV  
  52  4:30  Medivac  
  55  4:32  SCV, Armory  
  55  4:35  Hellion  
  55  4:36  Hellion  
  60  4:40  Marine x2  
  60  4:41  Supply Depot  
  60  4:42  Marine  
  60  4:45  SCV x3  
  66  4:52  Refinery  
  66  4:57  SCV, Supply Depot  
  66  4:58  Hellion  
  69  5:02  Orbital Command, Marine x3  
  69  5:03  Medivac, Hellion  
  69  5:04  SCV  
  77  5:11  Refinery  
  77  5:12  Barracks  
  77  5:13  Combat Shield  
  77  5:19  SCV x2  
  77  5:20  Marine  
  80  5:22  Marine  
  80  5:23  Marine  
  80  5:26  Supply Depot  
  82  5:31  SCV, Hellion x4  
  82  5:32  Engineering Bay  
  82  5:33  Engineering Bay  
  81  5:36  Factory Tech Lab  
  81  5:38  Starport Reactor, Marine  
  81  5:40  SCV, Marine  
  81  5:42  SCV  
  83  5:44  SCV  
  83  5:45  Marine  
  83  5:46  Supply Depot  
  85  5:50  Supply Depot  
  85  5:52  SCV  
  85  5:54  SCV  
  85  5:56  SCV, Siege Tank, Marine  
  91  6:04  Marine  
  91  6:05  Supply Depot  
  91  6:06  Marine  
  91  6:09  SCV  
  91  6:10  SCV x2, Barracks  
  96  6:12  Barracks  
  96  6:16  Terran Infantry Weapons Level 1, Terran Infantry Armor Level 1  
  96  6:20  Marine  
  96  6:21  Marine x2  
  96  6:22  SCV  
  96  6:23  SCV  
  96  6:24  Medivac  
  96  6:25  Marine x2  
  105  7:08  Supply Depot  
  105  7:13  Command Center  
  105  7:36  Supply Depot  
  105  8:00  Supply Depot  
  105  8:02  Supply Depot  
  105  8:48  Supply Depot  
  105  8:50  Supply Depot  
  105  8:52  Supply Depot  
  105  8:57  Terran Ship Weapons Level 1  
  105  8:59  Drilling Claws  
  105  9:00  Barracks Reactor, Barracks Tech Lab  
  105  9:12  Medivac x2  
  105  9:13  Siege Tank  
  105  9:15  Marauder  
  105  9:16  Marine x3  
  105  9:17  Marine  
  105  9:23  Marauder  
  105  9:31  Terran Infantry Weapons Level 2  
  105  9:32  Terran Infantry Armor Level 2  
  105  9:34  Marine x2  
  105  9:36  Marauder  
  105  9:38  Planetary Fortress  
  105  9:42  Medivac  
  105  9:45  Siege Tank  
  105  9:55  Hellion  
  105  11:01  Marine x3  
  105  11:02  Marine  
  105  11:12  SCV  
  105  11:15  Reaper  
  105  11:16  Marauder x2, Siege Tank, Medivac  
  105  11:17  Medivac  
  105  11:25  SCV  
  105  11:36  Marine x3  
  105  11:37  Marauder, Marine x2  
  105  11:38  Marauder  
  105  11:40  Hellion  
  105  11:46  Medivac  
  105  11:47  Medivac, Marine  
  105  11:48  Siege Tank  
  105  11:54  Marine x3  
Tags
 
Add a new tag
Caveats
  • Supply blocks, unpowered buildings, or Contaminate may cause inaccurate times.
  • Supply counts are checked every 10 seconds.